 Dungeon Crawl Stone Soup version 0.32-a0-791-gfc315c9ecd (webtiles) character file.

Game seed: 5979256614677017635

7105 Kenran the Grappler (level 10, -2/76 (79) HPs)
             Began as a Minotaur Ice Elementalist on Mar 20, 2024.
             Was a Believer of Hepliaklqana.
             Slain by a skeletal warrior
             ... wielding a +0 scimitar
              (6 damage)
             ... on level 9 of the Dungeon.
             The game lasted 00:19:06 (6852 turns).

Kenran the Grappler (Minotaur Ice Elementalist)     Turns: 6852, Time: 00:19:06

HP:   -2/76 (79)    AC: 19    Str: 24    XL:     10   Next: 84%
MP:   12/12         EV:  6    Int: 14    God:    Hepliaklqana [**....]
Gold: 328           SH:  0    Dex: 10    Spells: 10/11 levels left

rFire   + .          .
                       - Unarmed
rCold   + . .        (no shield)
rNeg    . . .        x - +1 plate armour {rPois}
rPois   +            u - +2 hat {Will+}
rElec   .            E - +0 cloak
rCorr   +            (no gloves)
SInv    .            f - +0 pair of boots
Will    +....        c - amulet of regeneration Stlth
                     e - ring of protection from cold
HPRegen 1.12/turn    i - ring "Votip" {rF+ rCorr Str+6 Int+2 Stlth-}
MPRegen 0.13/turn

%: no passive effects
@: lightly drained
A: reduced essence, horns 2, retaliatory headbutt
a: Renounce Religion, Ancestor Life: Knight, Ancestor Life: Battlemage, Ancestor
Life: Hexer, Recall Ancestor, Ancestor Identity


You were on level 9 of the Dungeon.
You worshipped Hepliaklqana.
Hepliaklqana was pleased with you.
You visited 2 branches of the dungeon, and saw 10 of its levels.

You collected 378 gold pieces.
You spent 50 gold pieces at shops.

Inventory:

Missiles
 q - a throwing net
 C - a curare-tipped dart
Armour
 f - a +0 pair of boots (worn)
 u - a +2 hat of willpower (worn)
 x - a +1 plate armour of poison resistance (worn)
 E - a +0 cloak (worn)
Jewellery
 c - an amulet of regeneration (around neck)
 e - a ring of protection from cold (left hand)
 i - the ring "Votip" (right hand) {rF+ rCorr Str+6 Int+2 Stlth-}
   (You found it on level 2 of the Dungeon)

   [ring of strength]

   Str+6:     It affects your strength (+6).
   Int+2:     It affects your intelligence (+2).
   rF+:       It protects you from fire.
   rCorr:     It protects you from acid and corrosion.
   Stlth-:    It makes you less stealthy.
 l - a ring of positive energy
Wands
 a - a wand of flame (14)
 h - a wand of warping (4)
Scrolls
 g - a scroll of silence
 j - 2 scrolls of summoning
 m - a scroll of poison {!r}
 o - a scroll of revelation {unknown}
 v - a scroll of fear
 w - a scroll of teleportation
 y - a scroll of noise {unknown}
 A - 2 scrolls of immolation {unknown}
 B - a scroll of vulnerability {unknown}
 F - a scroll of fog {unknown}
Potions
 b - a potion of magic
 d - a potion of degeneration {unknown}
 k - 2 potions of curing {@q1}
 n - a potion of heal wounds {unknown}
 p - a potion of cancellation
 r - 2 potions of might {unknown}
 s - 2 potions of ambrosia {unknown}
 t - a potion of haste
 z - a potion of mutation {unknown}
 D - a potion of enlightenment {unknown}


   Skills:
 - Level 8.0 Fighting
 + Level 8.1 Armour
 - Level 2.1 Dodging
 - Level 1.5 Stealth
 + Level 14.0 Unarmed Combat
 - Level 1.3 Spellcasting
 - Level 2.9 Ice Magic
 - Level 4.0 Invocations


You had 10 spell levels left.
You knew the following spells:

 Your Spells              Type           Power      Damage    Failure   Level
a - Freeze                Ice            36%        1d5       67%         1

Your spell library contained the following spells:

 Spells                   Type           Power      Damage    Failure   Level
 Frozen Ramparts          Ice            18%        1d3       96%         3
 Ozocubu's Armour         Ice            9%         N/A       96%         3
 Necrotise                Necr           0%         1d4       97%         1
 Sandblast                Erth           0%         2d4       97%         1
 Cigotuvi's Dreadful Rot  Necr/Alch/Air  0%         N/A       99%         2
 Summon Ice Beast         Ice/Summ       5%         N/A       99%         3
 Stone Arrow              Conj/Erth      0%         3d7       100%        3
 Vampiric Draining        Necr           0%         2d6       100%        3
 Animate Armour           Summ/Erth      0%         N/A       100%        4
 Brom's Barrelling Bould  Conj/Erth      0%         2d3       100%        4
 Dispel Undead            Necr           0%         3d6       100%        4
 Martyr's Knell           Necr/Summ      0%         N/A       100%        4
 Summon Lightning Spire   Summ/Air       0%         N/A       100%        4
 Curse of Agony           Necr           0%         N/A       100%        5
 Lee's Rapid Deconstruct  Erth           0%         3d4*      100%        5


Dungeon Overview and Level Annotations

Branches:
Dungeon (9/15)             Temple (1/1) D:6            Lair (0/5) D:8
    Orc: D:9-12

Altars:
Ashenzari
Cheibriados
Elyvilon
Fedhas
Gozag
Hepliaklqana
Kikubaaqudgha
Makhleb
Nemelex Xobeh
Okawaru
Qazlal
Ru
Sif Muna
Trog
Uskayaw
Vehumet
Wu Jian
Xom
Yredelemnul
Zin
The Shining One

Shops:
D:2 *   D:4 [


Innate Abilities, Weirdness & Mutations

Your life essence is reduced to manifest your ancestor. (-10% HP)
You have a pair of horns on your head.
You reflexively headbutt those who attack you in melee.


Message History

The skeletal warrior hits you with a +0 scimitar.
The orc hits Fiteel but does no damage.
The orc warrior hits you from afar with a +0 glaive.
You hit the skeletal warrior but do no damage.
The skeletal warrior is moderately damaged.
Fiteel completely misses the orc.
You hit the skeletal warrior.
The skeletal warrior is heavily damaged.
The skeletal warrior hits you but does no damage.
The orc hits Fiteel with a +0 club.
The orc warrior barely misses you.
Fiteel hits the orc.
The orc dies!
You barely miss the skeletal warrior.
The skeletal warrior is heavily damaged.
The skeletal warrior hits you with a +0 scimitar!
The orc warrior hits you from afar with a +0 glaive!
You hit the skeletal warrior.
You punch the skeletal warrior, but do no damage.
The skeletal warrior is heavily damaged.
You hit the skeletal warrior but do no damage.
You punch the skeletal warrior.
The skeletal warrior is heavily damaged.
The skeletal warrior hits you with a +0 scimitar.
The orc warrior hits you but does no damage.
Fiteel barely misses the skeletal warrior.
You barely miss the skeletal warrior.
The skeletal warrior is heavily damaged.
The skeletal warrior barely misses you. The orc warrior barely misses you.
You hit the skeletal warrior but do no damage.
The skeletal warrior is heavily damaged.
Fiteel barely misses the skeletal warrior.
The skeletal warrior hits you with a +0 scimitar!
* * * LOW HITPOINT WARNING * * *
The orc warrior hits you from afar with a +0 glaive!
* * * LOW HITPOINT WARNING * * *
Fiteel barely misses the skeletal warrior.
The skeletal warrior attacks as it pursues you!
The skeletal warrior hits you with a +0 scimitar.
You die...
Hepliaklqana delivers you to your ancestors.

####### # ......# .#
##.##.# .# #.#.#.##
####.#### .###...#
######........
#.#.#..# #.....@#.#
.......####.####.z.#
##.###......# #)R.#
##.##########
#.#o... ......#
#...##.# .#.##.#
##### # ....#.#
..#.#.# ....#.#


You could see the friendly Fiteel the ancestor, a skeletal warrior (ally target)
and an orc warrior.

Vanquished Creatures
  Gastronok (D:8)
  Erica (D:8)
  Pikel (D:6)
  Jeremiah (D:7)
  Prince Ribbit (D:8)
  Sigmund (D:6)
  Eustachio (D:3)
  Menkaure (D:4)
  Edmund (D:4)
  4 water moccasins
  An orc warrior (D:6)
  2 black bears
  An ice beast (D:6)
  An ogre (D:5)
  2 lemures (D:5)
  2 centaurs
  A kobold brigand (D:8)
  A bullfrog (D:5)
  Blork the orc (D:6)
  3 scorpions
  18 wights
  4 killer bees (D:8)
  3 howler monkeys
  3 bombardier beetles
  A jelly (D:5)
  3 orc priests
  3 hounds
  7 iguanas
  A sleepcap (D:5)
  4 orc wizards (D:9)
  A human skeleton (D:5)
  A hound skeleton (D:5)
  20 gnolls
  7 adders
  A white imp (D:6)
  2 ufetubi (D:6)
  2 ribbon worms
  12 orcs
  6 endoplasms
  4 giant cockroaches
  6 hobgoblins
  2 jackals (D:3)
  5 kobolds
  3 quokkas
  4 ball pythons
  5 bats
  A frilled lizard (D:1)
  9 goblins
  4 rats
170 creatures vanquished.

Vanquished Creatures (collateral kills)
  A steam dragon (D:8)
  An ice beast (D:8)
  A sky beast (D:8)
  A kobold brigand (D:8)
  A gnoll bouda (D:8)
  An orc wizard (D:8)
  An orc (D:9)
7 creatures vanquished.

Grand Total: 177 creatures vanquished

Notes
Turn   | Place    | Note
-------+----------+-------------------------------------------
     0 | D:1      | Kenran the Minotaur Ice Elementalist began the quest for
                  | the Orb.
     0 | D:1      | Reached XP level 1. HP: 14/14 MP: 1/1
    74 | D:1      | Reached skill level 1 in Unarmed Combat
   474 | D:1      | Reached XP level 2. HP: 18/20 MP: 3/3
   690 | D:2      | Reached skill level 2 in Unarmed Combat
   737 | D:2      | Identified the ring "Votip" {rF+ rCorr Str+6 Int+2 Stlth-}
   882 | D:2      | Reached skill level 3 in Unarmed Combat
   882 | D:2      | Reached XP level 3. HP: 24/26 MP: 4/4
  1007 | D:2      | Found Ecoghoar's Assorted Antiques.
  1028 | D:2      | Bought a scroll labelled PARHOYHOEB for 25 gold pieces
  1028 | D:2      | Bought a scroll labelled NENNAZ TEGRO for 25 gold pieces
  1237 | D:3      | Reached skill level 4 in Unarmed Combat
  1253 | D:3      | Found an iron altar of Okawaru.
  1302 | D:3      | Reached XP level 4. HP: 26/33 MP: 5/5
  1367 | D:3      | Found a faded altar of an unknown god.
  1459 | D:3      | Found a stormy altar of Qazlal.
  1610 | D:3      | Found an ornate altar of the Wu Jian Council.
  1707 | D:4      | Noticed Eustachio
  1831 | D:3      | Killed Eustachio
  1832 | D:3      | Reached skill level 6 in Unarmed Combat
  1832 | D:3      | Reached XP level 5. HP: 19/38 MP: 6/6
  2022 | D:4      | Reached XP level 6. HP: 36/45 MP: 7/7
  2082 | D:4      | Noticed Menkaure
  2094 | D:4      | Killed Menkaure
  2095 | D:4      | Reached skill level 7 in Unarmed Combat
  2285 | D:4      | Found El's Dragon-Slaying Spoils.
  2374 | D:4      | Reached skill level 8 in Unarmed Combat
  2374 | D:4      | Reached XP level 7. HP: 50/50 MP: 8/8
  2391 | D:4      | Noticed Edmund
  2407 | D:4      | Killed Edmund
  2408 | D:4      | Reached skill level 9 in Unarmed Combat
  2452 | D:4      | Found a shimmering blue altar of Sif Muna.
  2748 | D:5      | Entered Level 5 of the Dungeon
  2839 | D:5      | Reached skill level 10 in Unarmed Combat
  2839 | D:5      | Reached XP level 8. HP: 54/58 MP: 9/9
  2842 | D:5      | Reached skill level 1 in Fighting
  2842 | D:5      | Reached skill level 1 in Armour
  3526 | D:5      | Found a burning altar of Makhleb.
  3950 | D:6      | Noticed Pikel
  3954 | D:6      | Noticed Blork the orc
  3957 | D:6      | Noticed Sigmund
  4283 | D:6      | Reached skill level 5 in Fighting
  4283 | D:6      | Reached skill level 5 in Armour
  4354 | D:6      | Reached XP level 9. HP: 40/70 MP: 10/10
  4422 | D:6      | Reached skill level 11 in Unarmed Combat
  4451 | D:6      | Killed Pikel
  4456 | D:6      | Reached skill level 12 in Unarmed Combat
  4574 | D:6      | Killed Blork the orc
  4592 | D:6      | Killed Sigmund
  4597 | D:6      | Found a staircase to the Ecumenical Temple.
  4653 | Temple   | Entered the Ecumenical Temple
  4682 | Temple   | Became a worshipper of Hepliaklqana the Forgotten
  4891 | D:6      | Found a sparkling altar of Nemelex Xobeh.
  5126 | D:7      | Found a broken altar of Ashenzari.
  5195 | D:7      | Noticed Jeremiah
  5396 | D:7      | Found a shimmering altar of Xom.
  5398 | D:7      | Found a shimmering altar of Xom.
  5466 | D:7      | Killed Jeremiah
  5467 | D:7      | Reached XP level 10. HP: 47/81 MP: 11/11
  5531 | D:7      | Found an opulent altar of Gozag.
  5643 | D:8      | Found a staircase to the Lair.
  5643 | D:8      | Reached * piety under Hepliaklqana
  5646 | D:8      | Noticed Erica
  5659 | D:8      | Killed Erica
  5807 | D:8      | Noticed Gastronok
  5821 | D:8      | Killed Gastronok
  5822 | D:8      | Reached skill level 13 in Unarmed Combat
  5997 | D:8      | Reached skill level 14 in Unarmed Combat
  6004 | D:8      | Reached skill level 1 in Invocations
  6184 | D:8      | Found a snail-covered altar of Cheibriados.
  6399 | D:8      | Noticed Prince Ribbit
  6403 | D:8      | Killed Prince Ribbit
  6646 | D:9      | Found a white marble altar of Elyvilon.
  6696 | D:9      | Found a basalt altar of Yredelemnul.
  6748 | D:9      | Reached ** piety under Hepliaklqana
  6835 | D:9      | Noticed a skeletal warrior
  6851 | D:9      | HP: 3/76 [orc warrior/+0 glaive (10)]
  6852 | D:9      | Slain by a skeletal warrior

Illustrated notes

Levels and vault maps discovered:
D:1:      psy_arrival_statuary, layout_basic, serial_curves, eino_curves_03,
          eino_curves_01, eino_curves_04
D:2:      layout_basic, serial_shops, nicolae_shop_dealshenge
D:3:      layout_rooms, kennysheep_okawaru_gauntlet,
          nicolae_wu_jian_immortal_techniques, nicolae_qazlal_scattered_showers,
          shapermc_ecumenical_altar_mp_urbaneastern
D:4:      layout_cave_pools, nicolae_sif_muna_condensation,
          nicolae_shop_dragon_depot, hangedman_decor_diamond_cutter,
          uniq_eustachio, uniq_edmund, uniq_menkaure
D:5:      layout_layer_cave, makhleb_blood_cavern_becter, grunt_tough_drop
D:6:      layout_loops_cross, nemelex_diamond_rough_becter,
          minmay_temple_entry_large_hall, sigmund_army, uniq_pikel,
          uniq_sigmund, uniq_blork_the_orc
D:7:      layout_rooms, mainiacjoe_overflow_small_starburst, xom_redecorated,
          mainiacjoe_overflow_surrounded_room, uniq_jeremiah
D:8:      layout_gridville, mainiacjoe_overflow_catwalk, lair_entry_dummy,
          minmay_diced_spiral, uniq_erica, uniq_gastronok, uniq_prince_ribbit1
D:9:      layout_loops_cross, mainiacjoe_overflow_cross_hatched,
          mainiacjoe_overflow_concentric_impassable, minmay_microvault
Temple:   grunt_temple_mini_profane

Skill      XL: |  1  2  3  4  5  6  7  8  9 10 |
---------------+-------------------------------+-----
Unarmed Combat | 1 3 4 6 8 10 12 14 | 14.0
Fighting       | 5 7 8 |  8.0
Armour         | 5 7 8 |  8.1
Invocations    | 4 |  4.0
Dodging        | |  2.1
Stealth        | |  1.5
Spellcasting   | |  1.3
Ice Magic      | |  2.9

Action                     |  1- 3 |  4- 6 |  7- 9 | 10-12 || total
---------------------------+-------+-------+-------+-------++-------
  Melee: Unarmed           |   102 |   108 |   277 |   106 ||   593
         Headbutt          |    12 |    17 |    44 |    17 ||    90
         Punch             |     3 |     1 |     9 |     7 ||    20
    Use: Scroll            |       |     6 |     4 |     3 ||    13
         Potion            |       |     3 |     4 |       ||     7
   Stab: Sleeping          |     1 |       |       |       ||     1
 Armour: Scale mail        |    72 |    84 |   134 |       ||   290
         Robe              |     8 |       |       |       ||     8
         Plate armour      |       |       |    86 |   141 ||   227
  Dodge: Dodged            |    38 |    51 |    92 |    36 ||   217

Table legend: (Time is in decaauts)
 A = Elapsed time spent in this place.
 B = Non-inter-level travel time spent in this place.
 C = Inter-level travel time spent in this place.
 D = Time resting spent in this place.
 E = Time spent auto-exploring this place.
 F = Levels seen in this place.
 G = Mean time per level.
                   A        B        C        D        E       F      G
               +--------+--------+--------+--------+--------+-----+--------+
         Total |   6753 |   6422 |    331 |    769 |   4102 |  10 |  675.3 |
       Dungeon |   6699 |   6419 |    280 |    769 |   4102 |   9 |  744.3 |
        Temple |     53 |      2 |     51 |      0 |      0 |   1 |   53.0 |
               +--------+--------+--------+--------+--------+-----+--------+

Top non-repeatable levels by time:
     D:5: 1337 daAuts
     D:8: 990 daAuts
     D:6: 860 daAuts
     D:3: 792 daAuts
     D:4: 722 daAuts
     D:1: 670 daAuts
     D:7: 582 daAuts
     D:2: 530 daAuts
     D:9: 212 daAuts
  Temple: 53 daAuts
